 Dungeon Crawl Stone Soup version 0.29-a0-284-gf9362112df (webtiles) character file.

Game seed: 4788774672547213173

3 horus123 the Chiller (level 1, 0/14 HPs)
             Began as a Demigod Ice Elementalist on Mar 16, 2022.
             Slain by a ball python (2 damage)
             ... on level 1 of the Dungeon.
             The game lasted 00:00:20 (91 turns).

horus123 the Chiller (Demigod Ice Elementalist)       Turns: 91, Time: 00:00:21

Health: 0/14       AC:  2    Str:  9    XL:     1   Next: 33%
Magic:  3/5        EV: 12    Int: 17    God:
Gold:   11         SH:  0    Dex: 14    Spells: 3/4 levels left

rFire   . . .      SeeInvis .   (no weapon)
rCold   . . .      Faith    .   (no shield)
rNeg    . . .      Spirit   .   a - +0 robe
rPois   .          Reflect  .   (no helmet)
rElec   .          Harm     .   (no cloak)
rCorr   .          Rampage  .   (no gloves)
Will    .....                   (no boots)
Stlth   ++........              (no amulet)
HPRegen 0.04/turn               (no ring)
MPRegen 0.09/turn               (no ring)

@: no status effects
A: high MP 1, forlorn, divine attributes
a: no special abilities


You were on level 1 of the Dungeon.
You visited 1 branch of the dungeon, and saw 1 of its levels.

You collected 11 gold pieces.

Inventory:

Armour
 a - a +0 robe (worn)
Potions
 b - a potion of magic


   Skills:
 - Level 1.7 Dodging
 - Level 1.7 Stealth
 + Level 2.0 Spellcasting
 - Level 3.6 Ice Magic


You had 3 spell levels left.
You knew the following spells:

 Your Spells              Type           Power      Damage    Failure   Level
a - Freeze                Ice            56%        1d7       4%          1

Your spell library contained the following spells:

 Spells                   Type           Power      Damage    Failure   Level
 Frozen Ramparts          Ice            28%        1d4       13%         3
 Ozocubu's Armour         Ice            14%        N/A       13%         3
 Hailstorm                Conj/Ice       7%         3d4       67%         4


Dungeon Overview and Level Annotations

Branches:
Dungeon (1/15)


Innate Abilities, Weirdness & Mutations

You have an increased reservoir of magic. (+10% MP)
You shall have no god before yourself.
Your divine heritage dramatically boosts your attributes as you level up.


Message History

The giant cockroach misses you.
You freeze the giant cockroach.
You kill the giant cockroach!
The bat closely misses you.
Your Spellcasting skill increases to level 2!
You can't see any susceptible monsters within range! (Use Z to cast anyway.)
The ball python bites you but does no damage.
The ball python misses you. The kobold misses you.
The bat completely misses you.
You see here a giant cockroach corpse.
You freeze the kobold.
You kill the kobold!
The bat hits you. The ball python closely misses you.
The ball python grabs you. The ball python constricts you.
You escape the ball python's grasp.
The bat closely misses you. The bat barely misses you.
The bat hits you but does no damage. The ball python closely misses you. x2
The dart slug launches a dart at you. The slug dart hits you.
The bat misses you.
The ball python attacks as you move away!
The ball python closely misses you. The bat hits you but does no damage.
The dart slug bites you but does no damage.
The ball python barely misses you. x2; The bat barely misses you.
The ball python attacks as you move away!
The ball python bites you.
* * * LOW HITPOINT WARNING * * *
The ball python barely misses you. The bat barely misses you.
The bat hits you but does no damage. The dart slug launches a dart at you.
The slug dart hits you.
* * * LOW HITPOINT WARNING * * *
The ball python attacks as you move away!
The ball python barely misses you. The ball python closely misses you.
The bat closely misses you. The bat hits you but does no damage.
The ball python attacks as you move away!
The ball python closely misses you. The ball python barely misses you.
The bat hits you but does no damage. The ball python bites you.
You die...

#.#...##
#.....#
###...##.#
#..w.##.#
##...##..
#....##.#
##....#.#
#.S###.#
#.@#.#.#
#......##
######..#
#.......#
.S....#.##
#..........
...#....##...
...##....# #.
.... #....#


You could see a dart slug and a ball python.

Vanquished Creatures
  2 giant cockroaches (D:1)
  A kobold (D:1)
3 creatures vanquished.

Notes
Turn   | Place    | Note
-------+----------+-------------------------------------------
     0 | D:1      | horus123 the Demigod Ice Elementalist began the quest for
                  | the Orb.
     0 | D:1      | Reached XP level 1. HP: 14/14 MP: 5/5
    91 | D:1      | Slain by a ball python

Illustrated notes

Levels and vault maps discovered:
D:1:      minmay_arrival_jagged, layout_rooms

Skill      XL: |  1 |
---------------+----+-----
Spellcasting   | 2 |  2.0
Dodging        | |  1.7
Stealth        | |  1.7
Ice Magic      | |  3.6

Action                   || total
-------------------------++-------
 Cast: Freeze            ||     7
Armor: Robe              ||    11
Dodge: Dodged            ||    35

Table legend: (Time is in decaauts)
 A = Elapsed time spent in this place.
 B = Non-inter-level travel time spent in this place.
 C = Inter-level travel time spent in this place.
 D = Time resting spent in this place.
 E = Time spent auto-exploring this place.
 F = Levels seen in this place.
 G = Mean time per level.
                   A        B        C        D        E       F      G
               +--------+--------+--------+--------+--------+-----+--------+
         Total |     91 |     91 |      0 |      0 |     51 |   1 |   91.0 |
       Dungeon |     91 |     91 |      0 |      0 |     51 |   1 |   91.0 |
               +--------+--------+--------+--------+--------+-----+--------+

Top non-repeatable levels by time:
     D:1: 91 daAuts
